 Dungeon Crawl Stone Soup version 0.30.1-9-gdf580d7c3d (webtiles) character file.

Game seed: 15832442599457744378

84 CrazyMind the Stinger (level 4, -4/33 HPs)
             Began as a Demigod Venom Mage on Oct 7, 2023.
             Succumbed to a scorpion's poison
             ... on level 4 of the Dungeon.
             The game lasted 00:08:35 (2399 turns).

CrazyMind the Stinger (Demigod Venom Mage)          Turns: 2399, Time: 00:08:35

Health: -4/33      AC:  2    Str:  9    XL:     4   Next: 4%
Magic:  8/10       EV: 12    Int: 21    God:
Gold:   160        SH:  0    Dex: 14    Spells: 1/7 levels left

rFire   + . .        g - +0 dagger
rCold   + . .        (no shield)
rNeg    . . .        a - +0 robe
rPois   +            (no helmet)
rElec   +            (no cloak)
rCorr   +            (no gloves)
SInv    .            (no boots)
Will    .....        (no amulet)
Stlth   ++           (no ring)
HPRegen 0.25/turn    (no ring)
MPRegen 0.12/turn

%: no passive effects
@: lethally poisoned (-4 -> -28), resistant, hasted, very quick
A: high MP 1, forlorn, divine attributes
a: no special abilities


You were on level 4 of the Dungeon.
You visited 2 branches of the dungeon, and saw 5 of its levels.

You collected 160 gold pieces.

Inventory:

Hand Weapons
 d - a +0 short sword
 g - a +0 dagger (weapon)
 p - a +0 falchion of venom
Missiles
 s - 4 poisoned darts
Armour
 a - a +0 robe (worn)
 f - a +0 leather armour
Jewellery
 l - a ring of fire
Scrolls
 e - a scroll of teleportation {unknown}
 h - a scroll of blinking {unknown}
 i - a scroll of identify {unknown}
 q - 2 scrolls of poison {unknown}
 r - a scroll of amnesia {unknown}
 t - a scroll of fear {unknown}
 u - 2 scrolls of fog {unknown}
Potions
 b - a potion of magic
 j - a potion of attraction {unknown}
 k - a potion of mutation {unknown}
 m - a potion of brilliance {unknown}
 n - a potion of berserk rage {unknown}
 o - a potion of resistance


   Skills:
 + Level 0.1 Fighting
 + Level 2.0 Dodging
 + Level 1.9 Stealth
 + Level 2.2 Spellcasting
 + Level 1.5 Transmutations
 * Level 3.8 Poison Magic


You had one spell level left.
You knew the following spells:

 Your Spells              Type           Power      Damage    Failure   Level
a - Sting                 Tmut/Pois      52%        1d5       4%          1
b - Poisonous Vapours     Pois/Air       20%        N/A       10%         2
c - Mephitic Cloud        Conj/Pois/Air  7%         N/A       26%         3

Your spell library contained the following spells:

 Spells                   Type           Power      Damage    Failure   Level
 Summon Small Mammal      Summ           8%         N/A       14%         1
 Olgreb's Toxic Radiance  Pois           18%        N/A       28%         4
 Call Canine Familiar     Summ           2%         N/A       41%         3
 Summon Guardian Golem    Hex/Summ       2%         N/A       41%         3


Dungeon Overview and Level Annotations

Branches:
Dungeon (4/15) Zot: 21604  Temple (1/1) D:4 Zot: 5998

Annotations:
D:2 Sigmund


Innate Abilities, Weirdness & Mutations

You have an increased reservoir of magic. (+10% MP)
You shall have no god before yourself.
Your divine heritage dramatically boosts your attributes as you level up.


Message History

You climb upwards.
Welcome back to the Dungeon!
There is a staircase to the Ecumenical Temple here.
A scorpion comes into view.
The helpless scorpion fails to defend itself.
You puncture the scorpion!
The scorpion is moderately wounded.
The scorpion stings you!
You are poisoned.
The scorpion poisons you!
Casting: Sting (safe; 4% risk of failure)
Confirm with . or Enter, or press ? or * to list all spells.
Aiming: Sting (safe; 4% risk of failure)
Press: ? - help, Shift-Dir - straight line, f - scorpion
Aim: a scorpion (moderately wounded, 71% to hit)
The sting hits the scorpion but does no damage.
The scorpion is poisoned.
The scorpion is moderately wounded.
You feel very sick. The scorpion stings you.
You are lethally poisoned!
The scorpion poisons you! The scorpion barely misses you.
Casting: Sting (safe; 4% risk of failure)
Confirm with . or Enter, or press ? or * to list all spells.
Aiming: Sting (safe; 4% risk of failure)
Press: ? - help, Shift-Dir - straight line, f/p - scorpion
Aim: a scorpion (moderately wounded, poisoned, 71% to hit)
The sting hits the scorpion.
The scorpion looks even sicker.
The scorpion is severely wounded.
You feel very sick. The scorpion stings you.
* * * LOW HITPOINT WARNING * * *
You are more poisoned.
The scorpion poisons you!
It was a potion of resistance.
You feel protected.
* * * LOW HITPOINT WARNING * * *
You feel very sick. The scorpion barely misses you.
It was a potion of haste.
You feel yourself speed up.
You die...

#####
#...#######
#.#.......#
#...#####.#
##.## #.#
#@# #.# #s#
#.# #### #.#
##.######...
#.#
#.#.........
#.#
##.######..8
#.# ### #..⌠
#.# #... #.#
#.## #.##


You could see a scorpion (very poisoned).

Vanquished Creatures
  4 adders
  A dart slug (D:2)
  2 orcs (D:3)
  5 endoplasms
  3 giant cockroaches
  4 goblins (D:1)
  A hobgoblin (D:1)
  4 jackals
  7 ball pythons
  A bat (D:2)
  7 kobolds
  8 rats
47 creatures vanquished.

Notes
Turn   | Place    | Note
-------+----------+-------------------------------------------
     0 | D:1      | CrazyMind the Demigod Venom Mage began the quest for the
                  | Orb.
     0 | D:1      | Reached XP level 1. HP: 14/14 MP: 5/5
   217 | D:1      | Reached skill level 3 in Poison Magic
   478 | D:1      | Reached XP level 2. HP: 18/20 MP: 4/7
   637 | D:1      | Learned a level 2 spell: Poisonous Vapours
   906 | D:2      | Noticed Sigmund
   962 | D:2      | Reached skill level 1 in Transmutations
  1041 | D:2      | Reached XP level 3. HP: 26/26 MP: 6/8
  1132 | D:2      | Learned a level 3 spell: Mephitic Cloud
  1456 | D:2      | Identified the +3 mace "Jellybane" {flame, rC+ Will+}
  2153 | D:3      | Reached XP level 4. HP: 27/33 MP: 7/10
  2357 | D:4      | Found a staircase to the Ecumenical Temple.
  2362 | Temple   | Entered the Ecumenical Temple
  2399 | D:4      | Succumbed to a scorpion's poison

Illustrated notes

Levels and vault maps discovered:
D:1:      tarquinn_simple_flora_water_e, layout_basic, minmay_pentomino_z2
D:2:      layout_basic, basic_ecumenical_altar, uniq_sigmund
D:3:      layout_loops_ring, bloody_makhleb, minitemple
D:4:      minmay_clustersquares, layout_loops_ring,
          minmay_temple_entry_drinking_statues, uniq_menkaure, uniq_edmund,
          uniq_pikel, uniq_ijyb
Temple:   nicolae_temple_no_exploring_needed

Skill      XL: |  1  2 |
---------------+-------+-----
Poison Magic   | 3 |  3.8
Dodging        | 2 |  2.0
Spellcasting   | 2 |  2.2
Transmutations | 1 |  1.5
Fighting       | |  0.1
Stealth        | |  1.9

Action                     |  1- 3 |  4- 6 || total
---------------------------+-------+-------++-------
  Melee: Whip              |     2 |       ||     2
         Unarmed           |     1 |       ||     1
         Dagger            |    36 |     8 ||    44
   Cast: Sting             |    68 |     5 ||    73
    Use: Potion            |     1 |     2 ||     3
   Stab: Sleeping          |     8 |     1 ||     9
 Armour: Robe              |    18 |     1 ||    19
  Dodge: Dodged            |    42 |    10 ||    52
